 Dungeon Crawl Stone Soup version 0.24.0-13-gcf9b3192b9 (webtiles) character file.

Game seed: 17680078240557023815, levelgen mode: deterministic

24 Esekla the Charmwright (level 2, -1/16 HPs)
             Began as a Deep Elf Skald on Nov 6, 2019.
             Slain by a gnoll
             ... wielding a +0 flail
              (8 damage)
             ... on level 1 of the Dungeon.
             The game lasted 00:05:57 (1478 turns).

Esekla the Charmwright (Deep Elf Skald)             Turns: 1478, Time: 00:05:58

Health: -1/16      AC:  3    Str:  8    XL:     2   Next: 79%
Magic:  8/8        EV: 12    Int: 17    God:
Gold:   68         SH:  0    Dex: 14    Spells: 2/7 levels left

rFire    . . .     SeeInvis .   a - +0 falchion
rCold    . . .     Gourm    .   (no shield)
rNeg     . . .     Faith    .   b - +0 leather armour
rPois    .         Spirit   .   (no helmet)
rElec    .         Reflect  .   (no cloak)
rCorr    .         Harm     .   (no gloves)
MR       .....                  (no boots)
Stlth    +.........             (no amulet)
HPRegen  0.05/turn              (no ring)
MPRegen  0.11/turn              (no ring)

@: no status effects
A: no striking features
a: no special abilities


You were on level 1 of the Dungeon.
You were hungry.

You visited 1 branch of the dungeon, and saw 2 of its levels.

You collected 68 gold pieces.

Inventory:

Hand Weapons
 a - a +0 falchion (weapon)
Missiles
 e - 16 poisoned darts (quivered)
Armour
 b - a +0 leather armour (worn)
 h - a +0 buckler
Scrolls
 g - a scroll of remove curse {unknown}
Potions
 c - 2 potions of curing {unknown}
 f - a potion of ambrosia {unknown}
 i - a potion of flight {unknown}
Comestibles
 d - a ration


   Skills:
 - Level 1.5 Fighting
 * Level 2.4 Long Blades
 + Level 0.9 Armour
 * Level 3.0 Dodging
 + Level 3.1 Spellcasting
 - Level 4.4 Charms
 * Level 0.5 Translocations


You had 2 spell levels left.
You knew the following spells:

 Your Spells              Type           Power        Failure   Level  Hunger
a - Infusion              Chrm           ###.         4%          1    None
b - Shroud of Golubria    Chrm/Tloc      ##....       13%         2    ##.....
c - Song of Slaying       Chrm           ###.....     6%          2    ##.....

Your spell library contained the following spells:

 Spells                   Type           Power        Failure   Level  Hunger
 Regeneration             Chrm/Necr      ##........   30%         3    ###....
 Spectral Weapon          Hex/Chrm       ##......     30%         3    ###....


Dungeon Overview and Level Annotations

Branches:
Dungeon (2/15)

Altars:


Message History

Throwing (i - inventory)
e - 17 poisoned darts (quivered)
Press: ? - help, Shift-Dir - straight line, f/p - gnoll
Aim: a gnoll, wielding a +0 flail You throw a poisoned dart.
The poisoned dart hits the gnoll.
You barely miss the gnoll. The gnoll hits you with a +0 flail!
Ouch! That really hurt!
You hit the gnoll.
The gnoll is lightly wounded.
The gnoll hits you with a +0 flail.
You hit the gnoll.
The gnoll is moderately wounded.
The gnoll barely misses you.
You hit the gnoll.
The gnoll is heavily wounded.
The gnoll barely misses you.
You hit the gnoll.
The gnoll is severely wounded.
The gnoll hits you with a +0 flail!
Ouch! That really hurt!
You die...

#.##......#..........#
#.##......#.########.#
#.##......#.#...#..#.#
#.##......#.#.#.#..#.#
###.##......#.#.###..#.#
............'....>...#)#
###.##......#.#.#.#..#.#
#.####.####.#.#g#.##.#
#.# #..# #...@.#....#
#.# ##.#
###.############ #.#
#.## #.............#
###.## #..#
#.(##########.# #....#
##.# #.(# #.#
#....#####.# #..# #.#
#.....(....# #(.# #(#
###.#......###..# #.#
###.#.......##.(# #(#


You could see a gnoll.

Vanquished Creatures
  An adder (D:2)
  A giant cockroach (D:1)
  2 goblins
  3 hobgoblins
  2 quokkas (D:2)
  2 bats (D:1)
  A kobold (D:2)
  2 rats
14 creatures vanquished.

Notes
Turn   | Place    | Note
-------+----------+-------------------------------------------
     0 | D:1      | Esekla the Deep Elf Skald began the quest for the Orb.
     0 | D:1      | Reached XP level 1. HP: 12/12 MP: 6/6
   279 | D:2      | Reached XP level 2. HP: 9/16 MP: 8/8
   370 | D:1      | Learned a level 2 spell: Shroud of Golubria
   373 | D:1      | Learned a level 2 spell: Song of Slaying
  1478 | D:1      | Slain by a gnoll

Levels and vault maps discovered:
D:1:      matt_arrival_grand_opening, layout_basic
D:2:      layout_basic, lemuel_crystal_altar, nicolae_gozag_seed_capital,
          serial_bayou, serial_bayou_lagoon_a, serial_bayou_pond_d,
          serial_bayou_pond_e, serial_bayou_shore_b

Skill      XL: |  1  2 |
---------------+-------+-----
Long Blades    | 2 |  2.4
Dodging        | 3 |  3.0
Fighting       | |  1.5
Armour         | |  0.9
Spellcasting   | |  3.1
Charms         | |  4.4
Translocations | |  0.5

Action                   || total
-------------------------++-------
Melee: Falchion          ||    64
Throw: Dart              ||     4
 Cast: Shroud of Golubri ||     1
       Song of Slaying   ||     1
 Stab: Sleeping          ||     2
  Eat: Chunk             ||     1
Armor: Leather armour    ||    10
Dodge: Dodged            ||    41
       Rpst.: Falchion   ||    13
